 Dungeon Crawl Stone Soup version 0.29.0-11-gd7f09526c8 (webtiles) character file.

Game seed: 7081216146611724530

198 Ge0ff the Digger (level 5, 0/32 (37) HPs)
             Began as a Merfolk Earth Elementalist on Sept 3, 2022.
             Slain by a wight
             ... wielding a +0 spear
              (10 damage)
             ... on level 4 of the Dungeon.
             The game lasted 00:08:03 (4331 turns).

Ge0ff the Digger (Merfolk Earth Elementalist)       Turns: 4331, Time: 00:08:04

HP:   0/32 (37)     AC:  4    Str: 10    XL:     5   Next: 76%
MP:   1/8           EV: 12    Int: 14    God:
Gold: 199           SH:  0    Dex: 15    Spells: 4/8 levels left

rFire   x . .      SeeInvis .   a - +1 dagger (speed)
rCold   + + .      Faith    .   (no shield)
rNeg    . . .      Spirit   .   R - +0 robe
rPois   .          Reflect  .   U - +0 helmet
rElec   .          Harm     .   (no cloak)
rCorr   .          Rampage  .   Q - +0 pair of gloves
Will    .....                   (no boots)
Stlth   ++........              (no amulet)
HPRegen 0.10/turn               P - ring of ice
MPRegen 0.11/turn               J - ring of protection from cold

@: freezing walls, heavily drained
A: (nimble swimmer 2), mertail
a: no special abilities


You were on level 4 of the Dungeon.
You visited 2 branches of the dungeon, and saw 5 of its levels.

You collected 199 gold pieces.

Inventory:

Hand Weapons
 a - a +1 dagger of speed (weapon)
 X - a +1 dagger of holy wrath
Missiles
 L - 36 stones
Armour
 N - a +0 leather armour
 O - a +0 chain mail
 Q - a +0 pair of gloves (worn)
 R - a +0 robe (worn)
 U - a +0 helmet (worn)
 W - a scarf of invisibility
Jewellery
 J - a ring of protection from cold (right hand)
 P - a ring of ice (left hand)
Wands
 e - a wand of charming (3)
Scrolls
 B - a scroll of blinking
 H - a scroll of summoning {unknown}
 I - a scroll of torment {unknown}
 Y - a scroll of teleportation {unknown}
 Z - 2 scrolls of amnesia {unknown}
Potions
 G - a potion of lignification {unknown}
 K - a potion of magic {!q}
 M - 3 potions of heal wounds {unknown}
 S - 3 potions of might {unknown}
 T - 3 potions of flight {unknown}
 V - 3 potions of berserk rage {unknown}


   Skills:
 - Level 1.0 Fighting
 - Level 2.6 Dodging
 - Level 2.1 Stealth
 + Level 2.2 Spellcasting
 - Level 1.3 Transmutations
 * Level 3.6 Ice Magic
 - Level 4.0 Earth Magic


You had 4 spell levels left.
You knew the following spells:

 Your Spells              Type           Power      Damage    Failure   Level
k - Sandblast             Erth           24%        2d8       4%          1
m - Frozen Ramparts       Ice            34%        1d6       16%         3

Your spell library contained the following spells:

 Spells                   Type           Power      Damage    Failure   Level
 Freeze                   Ice            68%        1d8       5%          1
 Passwall                 Tmut/Erth      7%         N/A       12%         2
 Stone Arrow              Conj/Erth      14%        3d7       30%         3
 Petrify                  Tmut/Erth      9%         N/A       61%         4
 Hailstorm                Conj/Ice       10%        3d5       73%         4


Dungeon Overview and Level Annotations

Branches:
Dungeon (4/15) Zot: 19854  Temple (1/1) D:4 Zot: 5769

Altars:
Ashenzari
Cheibriados
Dithmenos
Fedhas
Gozag
Hepliaklqana
Makhleb
Nemelex Xobeh
Okawaru
Qazlal
Ru
Sif Muna
Trog
Uskayaw
Vehumet
Xom
Yredelemnul
The Shining One


Innate Abilities, Weirdness & Mutations

((You are very nimble when in or above water. (Stealth+, EV+, Speed+++)))
Your lower body shifts to a powerful aquatic tail in water.


Message History

You open the door.
An endoplasm, a wight, an iguana, a goblin and a ball python come into view.
The wight hits you from afar with a +0 spear.
You feel drained.
Found a glowing kite shield.
Casting: Sandblast (safe; 4% risk of failure)
Confirm with . or Enter, or press ? or * to list all spells.
The spell is quite dangerous to miscast (16% risk of failure)!
Continue anyway?
Casting: Frozen Ramparts (quite dangerous; 16% risk of failure)
Press: ? - help, Dir - look around, f - activate You feel a surge of power!
The walls around you are covered in ice.
The goblin shouts!
The ball python hisses angrily.
The wall freezes the endoplasm.
The wight hits you from afar with a +0 spear.
The blast of sand hits the endoplasm.
The endoplasm is severely wounded.
The iguana hisses angrily.
The wall freezes the ball python.
You kill the ball python!
The wall freezes the endoplasm.
You kill the endoplasm!
The wight completely misses you.
The wall freezes the goblin.
You kill the goblin!
The wight closely misses you.
The blast of sand hits the wight but does no damage.
The wight hits you from afar with a +0 spear.
You feel drained.
The blast of sand hits the wight.
The wight is moderately damaged.
The wight closely misses you.
The wall freezes the iguana.
The wight hits you but does no damage.
The wall freezes the iguana.
The iguana bites you but does no damage.
The blast of sand hits the iguana.
The iguana is moderately wounded.
The wight barely misses you.
The wall freezes the iguana but does no damage.
The iguana bites you.
The blast of sand hits the iguana but does no damage.
The iguana is moderately wounded.
The wight hits you from afar with a +0 spear.
You feel drained.
The wall freezes the iguana but does no damage.
The iguana closely misses you.
The wall freezes the iguana.
The iguana bites you!
The wight hits you from afar with a +0 spear.
You barely miss the iguana.
The iguana is severely wounded.
The wight hits you from afar with a +0 spear!
You die...

........).....#....#..
####.....####.#....+..
#!.##...##.!#.#....#..
#...##.##...#.#....#..
#...#.#...##.+....# ..
#))#.#)†##..#
....###...###...#...
........8...........
....###@..###...#...
.. #)l#.#+ #......
#.z.#.# #.....
#...##.# ..... #[.#
... .... ### ... ...
... ... .#.


You could see an iguana and a wight.

Vanquished Creatures
  A hound (D:3)
  Robin (D:2)
  4 adders
  A gnoll (D:1)
  An ufetubus (D:4)
  2 worms
  3 dart slugs
  3 orcs
  6 bats
  5 endoplasms
  2 giant cockroaches (D:1)
  25 goblins
  9 hobgoblins
  2 quokkas
  5 ball pythons
  2 frilled lizards
  7 kobolds
  8 rats
87 creatures vanquished.

Notes
Turn   | Place    | Note
-------+----------+-------------------------------------------
     0 | D:1      | Ge0ff the Merfolk Earth Elementalist began the quest for
                  | the Orb.
     0 | D:1      | Reached XP level 1. HP: 13/13 MP: 3/3
     2 | D:1      | Noticed a demigod
     2 | D:1      | Noticed a felid
     4 | D:1      | Noticed a minotaur
     6 | D:1      | Noticed a formicid
     6 | D:1      | Noticed a merfolk
     8 | D:1      | Noticed a vine stalker
     8 | D:1      | Noticed a naga
    10 | D:1      | Noticed a human
    10 | D:1      | Noticed a tengu
    12 | D:1      | Noticed a gargoyle
    12 | D:1      | Noticed a troll
    14 | D:1      | Noticed a vampire
    16 | D:1      | Noticed a meteoran
    16 | D:1      | Noticed a demonspawn
    18 | D:1      | Noticed a spriggan
    18 | D:1      | Noticed an octopode
    20 | D:1      | Noticed an ogre
    20 | D:1      | Noticed a draconian
    22 | D:1      | Noticed a ghoul
    22 | D:1      | Noticed a palentonga
    24 | D:1      | Noticed a merfolk
    26 | D:1      | Noticed an octopode
    26 | D:1      | Noticed a felid
   180 | D:1      | Reached skill level 3 in Earth Magic
   180 | D:1      | Reached XP level 2. HP: 6/20 MP: 1/5
   616 | D:1      | Reached skill level 1 in Fighting
   677 | D:1      | Reached XP level 3. HP: 26/26 MP: 3/6
   717 | D:1      | Found a faded altar of an unknown god.
  1540 | D:1      | Learned a level 3 spell: Frozen Ramparts
  1990 | D:2      | Noticed Robin
  2123 | D:2      | Reached skill level 1 in Ice Magic
  2143 | D:2      | Reached XP level 4. HP: 32/32 MP: 4/7
  2144 | D:2      | Killed Robin
  2615 | D:2      | Found a hide-covered altar of Uskayaw.
  3057 | D:3      | Found a stormy altar of Qazlal.
  3130 | D:3      | Reached XP level 5. HP: 37/37 MP: 4/8
  3326 | D:3      | Reached skill level 4 in Earth Magic
  3781 | D:4      | Found a staircase to the Ecumenical Temple.
  3790 | Temple   | Entered the Ecumenical Temple
  4331 | D:4      | Slain by a wight

Illustrated notes

Levels and vault maps discovered:
D:1:      kb_arrival_jail, layout_loops_corners, basic_ecumenical_altar
D:2:      layout_loops_ring, basic_altar, kennysheep_generic_room_3, uniq_robin
D:3:      layout_rooms, nicolae_overflow_crystal_walls
D:4:      cheibrodos_barr_body, layout_gridville,
          minmay_temple_entry_junction_2, uniq_menkaure, uniq_edmund
Temple:   minmay_temple_bridge_d

Skill      XL: |  1  2  3  4  5 |
---------------+----------------+-----
Earth Magic    | 3 4 |  4.0
Fighting       | 1 |  1.0
Ice Magic      | 1 2 3 |  3.6
Dodging        | |  2.6
Stealth        | |  2.1
Spellcasting   | |  2.2
Transmutations | |  1.3

Action                   |  1- 3 |  4- 6 || total
-------------------------+-------+-------++-------
Melee: Unarmed           |     3 |       ||     3
       Dagger            |       |    21 ||    21
Throw: Stone             |       |     1 ||     1
 Cast: Sandblast         |    56 |    49 ||   105
       Frozen Ramparts   |       |     7 ||     7
  Use: Potion            |     1 |       ||     1
       Scroll            |     1 |     2 ||     3
Armor: Robe              |     9 |    11 ||    20
Dodge: Dodged            |    28 |    21 ||    49
